 Dungeon Crawl Stone Soup version 0.31-a0-1074-g0b22e4e0f1 (webtiles) character file.

Game seed: 9776524555684755924

87303 monsoonserge the Brawler (level 15, -19/133 (137) HPs)
             Began as a Troll Shapeshifter on Dec 1, 2023.
             Was the Champion of Wu Jian.
             Demolished by a death knight
             ... wielding a +0 great sword
              (31 damage)
             ... on level 14 of the Dungeon.
             The game lasted 00:53:53 (16426 turns).

monsoonserge the Brawler (Troll Shapeshifter)      Turns: 16426, Time: 00:53:53

HP:   -19/133 (137) AC:  9    Str: 37    XL:     15   Next: 43%
MP:   15/15         EV: 11    Int:  6    God:    Wu Jian [******]
Gold: 1419          SH:  5    Dex:  9    Spells: 14/16 levels left

rFire   . .          .
                       - Unarmed
rCold   + + +        (no shield)
rNeg    . . .        R - melded +0 acid dragon scales
rPois   +            K - +2 hat {SInv}
rElec   .            H - +0 cloak {rPois}
rCorr   .            (gloves unavailable)
SInv    +            (boots unavailable)
Will    +....        y - amulet of Oruvahu {Reflect rC++ Slay+6 SH+5 Stlth-} Stlth
                     k - ring "Xate" {rC+ Str+5}
HPRegen 1.22/turn    A - +4 ring of protection
MPRegen 0.14/turn

%: reflection
@: maw-form, lightly drained, invisible
A: devouring maw, large, unfitting armour, claws 3, regeneration 1, shaggy fur
1, tough skin 1
a: Begin Untransformation, Renounce Religion, Wall Jump, Serpent's Lash,
Heavenly Storm


You were on level 14 of the Dungeon.
You worshipped Wu Jian.
Wu Jian was exalted by your worship.
You were a creature with a mouth for a stomach.
You visited 3 branches of the dungeon, and saw 20 of its levels.

You collected 1419 gold pieces.

Inventory:

Missiles
 d - 4 curare-tipped darts
 o - 9 javelins (quivered)
 S - 11 large rocks
 U - 8 boomerangs
Armour
 c - +0 swamp dragon scales
 f - +0 fire dragon scales
 H - a +0 cloak of poison resistance (worn)
 K - a +2 hat of see invisible (worn)
 R - +0 acid dragon scales (melded)
Jewellery
 k - the ring "Xate" (left claw) {rC+ Str+5}
   (You found it on level 2 of the Dungeon)

   [ring of protection from cold]

   Str+5:     It affects your strength (+5).
   rC+:       It protects you from cold.
 y - the amulet of Oruvahu (around neck) {Reflect rC++ Slay+6 SH+5 Stlth-}
   (You found it on level 6 of the Dungeon)

   [amulet of reflection]

   Reflect:   It reflects blocked missile attacks.
   Slay+6:    It affects your accuracy & damage with ranged weapons and melee
   (+6).
   rC++:      It greatly protects you from cold.
   SH+5:      It affects your SH (+5).
   Stlth-:    It makes you less stealthy.
 A - a +4 ring of protection (right claw)
 O - a ring of resist corrosion
Talismans
 n - a dragon-blood talisman
 M - a serpent talisman
 P - a maw talisman (active)
 Z - the blade talisman of Day {rF+ Stlth+}
   (You found it on level 2 of the Lair of Beasts)

   [blade talisman]

   rF+:       It protects you from fire.
   Stlth+:    It makes you more stealthy.
Wands
 z - a wand of charming (25)
 D - a wand of iceblast (6)
 I - a wand of flame (21)
 Q - a wand of polymorph (16)
 V - a wand of mindburst (10)
 W - a wand of digging (2)
Scrolls
 e - 3 scrolls of enchant weapon
 g - 2 scrolls of amnesia {unknown}
 h - 7 scrolls of teleportation
 j - a scroll of brand weapon {unknown}
 l - 3 scrolls of enchant armour
 m - 3 scrolls of fog
 q - 3 scrolls of blinking
 r - 3 scrolls of immolation
 u - 5 scrolls of poison {unknown}
 v - 4 scrolls of revelation
 w - a scroll of acquirement {unknown}
 C - 3 scrolls of fear
 J - 2 scrolls of butterflies {unknown}
 L - a scroll of torment {unknown}
 X - 3 scrolls of silence
Potions
 a - a potion of resistance
 b - 4 potions of lignification
 i - 11 potions of curing {unknown}
 p - 3 potions of might
 s - 4 potions of heal wounds
 t - a potion of haste {unknown}
 x - 2 potions of berserk rage
 B - a potion of cancellation {unknown}
 E - 2 potions of enlightenment {unknown}
 F - 4 potions of degeneration {unknown}
 G - 4 potions of invisibility
 N - a potion of magic {unknown}
 T - 2 potions of attraction {unknown}
Miscellaneous
 Y - a phantom mirror


   Skills:
 * Level 6.4 Fighting
 + Level 0.2 Throwing
 + Level 3.4 Armour
 + Level 7.0 Dodging
 + Level 20.7 Unarmed Combat
 * Level 1.2 Spellcasting
 * Level 3.5 Translocations
 * Level 3.1 Evocations
 + Level 12.0 Shapeshifting


You had 14 spell levels left.
You knew the following spells:

 Your Spells              Type           Power      Damage    Failure   Level
a - Blink                 Tloc           8%         N/A       16%         2

Your spell library contained the following spells:

 Spells                   Type           Power      Damage    Failure   Level
 Lesser Beckoning         Tloc           8%         N/A       16%         2
 Momentum Strike          Conj/Tloc      4%         3d8       32%         2
 Freeze                   Ice            0%         1d3       41%         1
 Sting                    Tmut/Pois      0%         1d3       41%         1
 Summon Small Mammal      Summ           0%         N/A       41%         1
 Volatile Blastmotes      Fire/Tloc      4%         2d10      54%         3
 Cigotuvi's Dreadful Rot  Necr/Pois/Air  0%         N/A       56%         2
 Ensorcelled Hibernation  Hex/Ice        0%         N/A       56%         2
 Manifold Assault         Tloc           4%         N/A       71%         4
 Call Canine Familiar     Summ           0%         N/A       80%         3
 Dazzling Flash           Conj/Hex       0%         N/A       80%         3
 Frozen Ramparts          Ice            0%         1d1       80%         3
 Hailstorm                Conj/Ice       0%         3d3       80%         3
 Ignite Poison            Fire/Tmut/Pois 0%         N/A       80%         3
 Summon Guardian Golem    Hex/Summ       0%         N/A       80%         3
 Anguish                  Hex/Necr       0%         N/A       99%         4
 Summon Forest            Summ/Tloc      1%         N/A       99%         5
 Agony                    Necr           0%         N/A       100%        5
 Freezing Cloud           Conj/Ice/Air   0%         6-21      100%        5
 Silence                  Hex/Air        0%         N/A       100%        5
 Summon Mana Viper        Hex/Summ       0%         N/A       100%        5
 Dispersal                Tloc           2%         N/A       100%        6
 Starburst                Conj/Fire      0%         6d3       100%        6
 Summon Cactus Giant      Summ           0%         N/A       100%        6
 Haunt                    Necr/Summ      0%         N/A       100%        7
 Borgnjor's Revivificati  Necr           0%         N/A       100%        8
 Discord                  Hex            0%         N/A       100%        8
 Disjunction              Tloc           2%         N/A       100%        8
 Maxwell's Capacitive Co  Air            0%         ∞         100%        8
 Death's Door             Necr           0%         N/A       100%        9


Dungeon Overview and Level Annotations

Branches:
Dungeon (14/15)            Temple (1/1) D:7            Lair (5/5) D:9
  Swamp (0/4) Lair:2        Snake (0/4) Lair:3        Slime (0/5) Lair:4
    Orc (0/2) D:10         Vaults (0/5) D:13

Altars:
Ashenzari
Cheibriados
Dithmenos
Elyvilon
Fedhas
Gozag
Hepliaklqana
Kikubaaqudgha
Makhleb
Nemelex Xobeh
Okawaru
Qazlal
Ru
Sif Muna
Trog
Uskayaw
Vehumet
Wu Jian
Xom
Yredelemnul
Zin
The Shining One
Jiyva

Shops:
D:8 (


Innate Abilities, Weirdness & Mutations

You are a creature with a mouth for a stomach.
Your midsection houses a second, enormous mouth.
You are too large for most types of armour.
You have claws for hands.
Your natural rate of healing is unusually fast.
You are covered in fur. (AC +1)
You have tough skin. (AC +1)


Message History

The deep elf pyromancer hits you with a +2 heavy flail!
You eviscerate the deep elf pyromancer!!!
Your bite misses the deep elf pyromancer.
The deep elf pyromancer is almost dead.
You are covered in liquid flames!
You are no longer on fire.
The death knight invokes the aid of Yredelemnul against you.
You resist with significant effort.
You mangle the deep elf pyromancer!!
You devour the deep elf pyromancer!
You feel better.
You kill the deep elf pyromancer!
The Council accepts your kill.
A purple ugly thing comes into view.
The death knight offers itself to Yredelemnul, and fills with unholy energy.
You lunge at the death knight, in a flurry of attacks.
You barely miss the death knight. Your claw misses the death knight.
You bite the death knight.
The death knight is lightly wounded.
You completely miss the death knight. Your claw misses the death knight.
The death knight is lightly wounded.
The death knight reflects your damage back at you!
The death knight hits you with a +0 great sword!
You eviscerate the death knight!!!
The death knight is heavily wounded.
The death knight reflects your damage back at you!
* * * LOW HITPOINT WARNING * * *
You hear a shout!
You hear an angry hiss.
The death knight hits you with a +0 great sword.
* * * LOW HITPOINT WARNING * * *
You feel much better.
The death knight hits you with a +0 great sword!!
* * * LOW HITPOINT WARNING * * *
Okay, then.
Press: ? - help, v - describe, . - travel
Here: a death knight, wielding a +0 great sword and wearing a +0 chain mail (heavily wounded, reflecting injuries)
The floor, spattered with blood.
Okay, then.
You fade into invisibility!
The death knight hits you with a +0 great sword!!
You die...

......†.......... ...........#
.................. .............
....†~≈~~~~~~~≈~~≈~ ~~~~~~~~.....
>...~######################~.....
....~# ..........).......#~.....
....≈# ..........).......#≈.....
....~# #######''#######..#~.....
....~# #........u.....#..#~.....
....~# #....)..Wp)....#..#~.....
....~# #..##########..#..#~.....
....~# #. .#).#~.#### ....≈#
#).#~.#... #...~# #..#≈ #...
##..~# #..#≈.#... ##..~#
#..#≈.#### ##..~# #..#~.....
#...~# #..#~.....


You could see a death knight (reflects damage, unable to see you) and a purple
ugly thing (unable to see you).

Vanquished Creatures
  Gastronok (D:8)
  An ironbound preserver (D:13)
  An eleionoma (Lair:2)
  A dire elephant (Lair:5)
  Snorg (Lair:5)
  An ettin (D:14)
  A fire dragon (Lair:5)
  The ghost of Moreman the Cleaver, a journeyman HOFi of Ashenzari (D:8)
  A yaktaur captain (D:14)
  Erolcha (D:9)
  5 hydras
  4 catoblepae
  4 two-headed ogres
  2 boulder beetles
  5 centaur warriors
  3 death yaks (Lair:5)
  Urug (Lair:3)
  Amaemon (D:11)
  5 skeletal warriors
  2 skysharks (Lair:5)
  A swamp dragon (Lair:5)
  Pikel (D:9)
  2 lindwurms (Lair:5)
  An orc knight (D:14)
  2 deep elf pyromancers (D:14)
  9 ugly things
  3 cyclopes
  Maurice (D:12)
  4 manticores
  15 elephants
  4 black mambas
  An orange demon (D:11)
  An eye of devastation (shapeshifter) (D:14)
  A torpor snail (Lair:5)
  A gargoyle (D:12)
  24 cane toads
  2 unseen horrors
  Joseph (D:8)
  Psyche (D:9)
  10 komodo dragons
  4 rime drakes
  An anaconda simulacrum (Lair:1)
  6 polar bears
  2 meliai
  5 trolls
  A hornet (D:10)
  17 blink frogs
  9 dream sheep
  A culicivora (shapeshifter) (D:13)
  A wraith (D:11)
  60 yaks
  4 slime creatures
  A water elemental (D:14)
  2 wyverns (Lair:5)
  8 basilisks
  3 steam dragons
  Grum (D:11)
  9 vampire mosquitoes
  3 nagas (Lair:3)
  6 acid dragons
  17 water moccasins
  2 hydra simulacra (Lair:1)
  3 sky beasts
  4 orc warriors
  4 ice beasts
  2 swamp drakes (Lair:5)
  5 ogres
  3 black bears
  22 wolves
  15 centaurs
  3 lemures (D:9)
  Blork the orc (D:6)
  A kobold brigand (D:6)
  A gnoll sergeant (D:12)
  15 bullfrogs
  5 scorpions
  23 wights
  7 killer bees
  A blink frog simulacrum (Lair:1)
  12 howler monkeys
  3 electric eels
  A water moccasin simulacrum (Lair:1)
  A hound (D:4)
  4 jellies
  Crazy Yiuf (D:7)
  3 orc priests
  2 gnoll boudas
  5 sleepcaps
  Natasha (twice) (D:2)
  Ijyb (D:4)
  8 iguanas
  4 orc wizards
  7 hell rats (Lair:5)
  A bullfrog simulacrum (Lair:1)
  21 gnolls
  11 adders
  A white imp (D:6)
  3 worms
  5 dart slugs (D:1)
  18 orcs
  6 ball pythons
  9 endoplasms
  2 giant cockroaches
  4 goblins
  4 hobgoblins
  12 jackals (D:1)
  7 kobolds
  3 quokkas
  7 bats
  5 frilled lizards
  6 rats
584 creatures vanquished.

Vanquished Creatures (others)
  A killer bee (D:11)
1 creature vanquished.

Grand Total: 585 creatures vanquished

Notes
Turn   | Place    | Note
-------+----------+-------------------------------------------
     0 | D:1      | monsoonserge the Troll Shapeshifter began the quest for the
                  | Orb.
     0 | D:1      | Reached XP level 1. HP: 18/18 MP: 0/0
    79 | D:1      | Reached XP level 2. HP: 25/26 MP: 1/1
   132 | D:1      | Found a faded altar of an unknown god.
   166 | D:1      | Reached XP level 3. HP: 32/32 MP: 2/2
  1060 | D:2      | Reached skill level 4 in Unarmed Combat
  1083 | D:2      | Learned a level 2 spell: Blink
  1106 | D:2      | Reached XP level 4. HP: 40/40 MP: 3/3
  1157 | D:2      | Identified the ring "Xate" {rC+ Str+5}
  1205 | D:2      | Noticed Natasha
  1210 | D:2      | Killed Natasha
  1211 | D:2      | Reached skill level 1 in Fighting
  1381 | D:2      | Found a white marble altar of Elyvilon.
  1691 | D:2      | Noticed Natasha
  1700 | D:2      | Killed Natasha
  1701 | D:2      | Reached XP level 5. HP: 48/48 MP: 4/4
  1783 | D:3      | Found a sacrificial altar of Ru.
  2060 | D:3      | Reached skill level 5 in Unarmed Combat
  2164 | D:3      | Found a snail-covered altar of Cheibriados.
  2534 | D:4      | Noticed a black bear
  2711 | D:4      | Reached XP level 6. HP: 55/55 MP: 5/5
  2735 | D:4      | Found an ornate altar of the Wu Jian Council.
  2748 | D:4      | Became a worshipper of the Wu Jian Council
  2888 | D:4      | Reached skill level 6 in Unarmed Combat
  2930 | D:5      | Entered Level 5 of the Dungeon
  3134 | D:4      | Identified the +0 leather armour of Ytraymul {Rampage Will+
                  | Str+2}
  3236 | D:4      | Reached XP level 7. HP: 62/62 MP: 6/6
  3262 | D:4      | Noticed Ijyb
  3270 | D:4      | Killed Ijyb
  3420 | D:5      | Reached skill level 7 in Unarmed Combat
  3521 | D:5      | Reached * piety under Wu Jian
  3605 | D:5      | Reached skill level 1 in Evocations
  3639 | D:5      | Reached skill level 8 in Unarmed Combat
  3665 | D:5      | Reached XP level 8. HP: 68/70 MP: 7/7
  4222 | D:6      | Found a stormy altar of Qazlal.
  4305 | D:6      | Found a shimmering blue altar of Sif Muna.
  4310 | D:6      | Reached skill level 9 in Unarmed Combat
  4361 | D:6      | Found an ancient bone altar of Kikubaaqudgha.
  4429 | D:6      | Reached ** piety under Wu Jian
  4522 | D:6      | Identified the amulet of Oruvahu {Reflect rC++ Slay+6 SH+5
                  | Stlth-}
  4549 | D:6      | Reached skill level 10 in Unarmed Combat
  4618 | D:6      | Reached XP level 9. HP: 79/79 MP: 8/8
  4651 | D:6      | Noticed Blork the orc
  4656 | D:6      | Killed Blork the orc
  4908 | D:7      | Reached skill level 11 in Unarmed Combat
  4908 | D:7      | Reached skill level 5 in Shapeshifting
  5008 | D:7      | Found a staircase to the Ecumenical Temple.
  5015 | Temple   | Entered the Ecumenical Temple
  5125 | D:7      | Reached skill level 12 in Unarmed Combat
  5262 | D:7      | Found a sparkling altar of Nemelex Xobeh.
  5334 | D:7      | Found a runed translucent door.
  5335 | D:7      | Noticed Crazy Yiuf
  5339 | D:7      | Killed Crazy Yiuf
  5540 | D:8      | Found a shimmering altar of Xom.
  5587 | D:8      | Found a transporter.
  5590 | D:8      | Noticed Moreman's ghost (journeyman HOFi)
  5592 | D:8      | Identified the +6 great mace of Contradiction {freeze,
                  | *Corrode rF+ Dex+3}
  5723 | D:8      | Found Ehei's Antique Weapon Emporium.
  5988 | D:8      | Noticed Joseph
  5993 | D:8      | Killed Joseph
  5994 | D:8      | Reached XP level 10. HP: 68/87 MP: 9/9
  6031 | D:8      | Noticed Gastronok
  6045 | D:8      | Killed Gastronok
  6046 | D:8      | Reached skill level 13 in Unarmed Combat
  6218 | D:8      | Reached *** piety under Wu Jian
  6855 | D:9      | Noticed a two-headed ogre
  6900 | D:9      | Found a hide-covered altar of Uskayaw.
  6900 | D:9      | Found a broken altar of Ashenzari.
  6957 | D:9      | Noticed a purple ugly thing
  7032 | D:9      | Noticed Erolcha
  7040 | D:9      | Killed Erolcha
  7041 | D:9      | Reached skill level 14 in Unarmed Combat
  7067 | D:9      | Found a staircase to the Lair.
  7142 | D:9      | Killed a two-headed ogre
  7143 | D:9      | Reached XP level 11. HP: 62/94 MP: 10/10
  7211 | D:9      | Killed a brown ugly thing
  7258 | D:9      | Noticed Psyche
  7264 | D:9      | Killed Psyche
  7298 | D:9      | Noticed Pikel
  7309 | D:9      | Killed Pikel
  7310 | D:9      | Reached skill level 15 in Unarmed Combat
  7552 | D:9      | Found a bloodstained altar of Trog.
  7767 | D:10     | Entered Level 10 of the Dungeon
  7772 | D:10     | Reached skill level 5 in Dodging
  7903 | D:10     | You fall into a shaft and drop 3 floors!
  7904 | D:13     | Noticed a centaur warrior
  8056 | D:12     | Reached **** piety under Wu Jian
  8056 | D:12     | Noticed a two-headed ogre
  8063 | D:12     | Killed a two-headed ogre
  8150 | D:12     | HP: 4/96 [cyclops/large rock (41)]
  8698 | D:10     | Noticed a skeletal warrior
  8711 | D:10     | Killed a skeletal warrior
  8804 | D:10     | Noticed a skeletal warrior
  8816 | D:10     | Noticed a skeletal warrior
  8823 | D:9      | Killed a skeletal warrior
  8824 | D:9      | Reached skill level 1 in Armour
  8824 | D:9      | Reached XP level 12. HP: 78/104 MP: 11/11
  8902 | D:10     | Reached skill level 16 in Unarmed Combat
  9177 | D:10     | Found a staircase to the Orcish Mines.
  9491 | D:11     | Noticed Grum
  9503 | D:11     | Killed Grum
  9535 | D:11     | Noticed Amaemon
  9564 | D:11     | Killed Amaemon
  9875 | Lair:1   | Entered Level 1 of the Lair of Beasts
 10098 | Lair:1   | Reached skill level 10 in Shapeshifting
 10140 | Lair:1   | Found a transporter.
 10146 | Lair:1   | Reached ***** piety under Wu Jian
 10204 | Lair:1   | Noticed a boulder beetle
 10205 | Lair:1   | Noticed a catoblepas
 10211 | Lair:1   | Reached skill level 17 in Unarmed Combat
 10215 | Lair:1   | Killed a catoblepas
 10220 | Lair:1   | Killed a boulder beetle
 10303 | Lair:1   | Found a transporter.
 10303 | Lair:1   | Found the +3 pair of mountain boots {steadfast, rC+}
 10351 | Lair:1   | Reached XP level 13. HP: 111/111 MP: 12/12
 10916 | D:8      | Found a transporter.
 10925 | D:8      | Killed Moreman's ghost
 11274 | Lair:2   | Identified the blade talisman of Day {rF+ Stlth+}
 11378 | Lair:2   | Found a staircase to the Swamp.
 11378 | Lair:2   | Noticed an eleionoma
 11388 | Lair:2   | Killed an eleionoma
 11389 | Lair:2   | Reached skill level 18 in Unarmed Combat
 11765 | Lair:3   | Noticed Urug
 11771 | Lair:3   | Killed Urug
 11834 | Lair:3   | Found a staircase to the Snake Pit.
 12721 | Lair:4   | Reached skill level 19 in Unarmed Combat
 12796 | Lair:4   | Found a viscous altar of Jiyva.
 12796 | Lair:4   | Found a staircase to the Slime Pits.
 13291 | Lair:5   | Entered Level 5 of the Lair of Beasts
 13301 | Lair:5   | Reached XP level 14. HP: 116/124 MP: 13/13
 13305 | Lair:5   | Reached ****** piety under Wu Jian
 13514 | Lair:5   | Reached skill level 5 in Fighting
 13636 | Lair:5   | Identified the +3 morningstar "Wutzul" {drain, Dex+3}
 13731 | Lair:5   | Noticed Snorg
 13736 | Lair:5   | Killed Snorg
 13897 | Lair:5   | Reached skill level 1 in Spellcasting
 13897 | Lair:5   | Reached skill level 1 in Translocations
 14075 | Lair:5   | Got the Teachings on Curses
 14129 | Lair:5   | Reached skill level 20 in Unarmed Combat
 14139 | Lair:5   | Identified the +1 hand axe "Igylutsi" {heavy, *Slow rN+
                  | Will++ Dex+2}
 14805 | D:12     | Noticed Maurice
 14807 | D:12     | Killed Maurice
 15109 | D:13     | Got Alistair's Tome of the Different Panacea
 15116 | D:13     | Noticed an ironbound preserver
 15124 | D:13     | Killed an ironbound preserver
 15125 | D:13     | Reached XP level 15. HP: 135/136 MP: 15/15
 15145 | D:13     | Found a gate to the Vaults.
 15244 | D:13     | Found a broken altar of Ashenzari.
 16426 | D:14     | Demolished by a death knight

Illustrated notes

Levels and vault maps discovered:
D:1:      dpeg_arrival_round_a, layout_basic,
          shapermc_ecumenical_altar_acropolis
D:2:      layout_basic, basic_altar, uniq_natasha
D:3:      layout_loops_ring, nicolae_ru_path_of_blood,
          mainiacjoe_overflow_24_doors
D:4:      layout_loops_corners, nicolae_wu_jian_immortal_techniques,
          kennysheep_generic_room_10, uniq_ijyb
D:5:      nicolae_cairo_tiling_very_big, layout_basic,
          kennysheep_big_empty_room, nrook_mini_vaults
D:6:      layout_loops_ring, mainiacjoe_overflow_small_starburst,
          kiku_gazebo_pond_becter, old_standard_altar, uniq_blork_the_orc
D:7:      layout_rooms, lemuel_doored_altar, minmay_temple_entry_wispy,
          uniq_crazy_yiuf_cottage
D:8:      minmay_spotlight, layout_layer_cave, lemuel_round_altar, serial_shops,
          nicolae_shop_stone, gammafunk_ghost_smash, uniq_joseph, uniq_gastronok
D:9:      layout_roguey, lightli_temple_of_fire,
          gammafunk_temple_overflow_elements, hellmonk_lair_entry_icy,
          kb_rosetta, uniq_psyche, uniq_erolcha, uniq_pikel
D:10:     layout_basic, orc_0_dummy, minmay_misc_feat_enclosed, glass_columns_a
D:11:     layout_roguey, lemuel_flamethrower_2, uniq_amaemon, uniq_grum
D:12:     layout_gridville, uniq_maurice
D:13:     layout_irregular_city, skrybe_vaults_entry_preservation,
          cheibrodos_ashenzari_chains
D:14:     lemuel_traditional_vault, layout_irregular_city, serial_rivers,
          chequers_serial_rivers_small_b, chequers_serial_rivers_micro_a,
          chequers_serial_rivers_small_3, chequers_serial_rivers_micro_b
Temple:   hellmonk_temple_of_storms
Lair:1:   gammafunk_cloud_chamber, layout_cave_pods, grunt_megastairs_1
Lair:2:   layout_gridlike, alex1729_swamp_entry_worm_eleionoma,
          cheibrodos_lair_lostbears, infiniplex_staircase_pool
Lair:3:   layout_loops_ring, nicolae_snake_entry_squirm, beast_lair_carwin_10,
          grunt_megastairs_2, uniq_urug
Lair:4:   layout_regular_city, slime_entry_1
Lair:5:   guppyfry_lair_end_dragon, layout_cave_shapes,
          hangedman_lair_in_review, patterned_corridor, grunt_megastairs_3,
          uniq_snorg

Skill      XL: |  1  2  3  4  5  6  7  8  9 10 11 12 13 14 15 |
---------------+----------------------------------------------+-----
Dodging        | 2 3 4 5 6 7 |  7.0
Unarmed Combat | 4 5 6 8 10 12 14 15 17 19 20 | 20.7
Fighting       | 1 2 3 4 5 6 |  6.4
Shapeshifting  | 4 5 6 8 10 11 12 | 12.0
Evocations     | 1 2 3 |  3.1
Armour         | 1 3 |  3.4
Spellcasting   | 1 |  1.2
Translocations | 2 3 |  3.5
Throwing       | |  0.2

Action                     |  1- 3 |  4- 6 |  7- 9 | 10-12 | 13-15 || total
---------------------------+-------+-------+-------+-------+-------++-------
  Melee: Unarmed           |    95 |   106 |   179 |   464 |   565 ||  1409
         Punch             |     4 |     4 |     8 |    14 |    46 ||    76
         Maw               |       |       |       |    17 |   148 ||   165
  Throw: Dart              |       |       |       |     2 |       ||     2
 Invoke: Serpent's Lash    |       |       |       |     1 |     4 ||     5
Ability: Lunge             |       |     4 |    36 |    57 |    79 ||   176
         Whirlwind         |       |       |    10 |   135 |   150 ||   295
         Begin Untransform |       |       |     1 |       |       ||     1
  Evoke: Wand              |       |       |       |     2 |       ||     2
    Use: Scroll            |       |       |    10 |     1 |     6 ||    17
         Potion            |       |       |       |       |     2 ||     2
   Stab: Sleeping          |     1 |     1 |       |       |       ||     2
         Petrifying        |       |       |       |     2 |       ||     2
         Petrified         |       |       |       |     2 |       ||     2
 Armour: Animal skin       |    54 |    74 |    63 |    24 |       ||   215
         Steam dragon scal |       |       |       |    66 |       ||    66
         Acid dragon scale |       |       |       |    87 |       ||    87
         Skin              |       |       |       |    30 |   301 ||   331
  Dodge: Dodged            |    46 |    52 |    57 |   104 |   146 ||   405
  Block: Other             |       |       |     8 |    40 |    52 ||   100
         Reflection        |       |       |       |     4 |     6 ||    10
   Form: Flux              |       |       |       |     1 |       ||     1
         Blade             |       |       |       |     1 |       ||     1
         Anaconda          |       |       |       |     1 |       ||     1
         Maw               |       |       |       |     1 |       ||     1

Table legend: (Time is in decaauts)
 A = Elapsed time spent in this place.
 B = Non-inter-level travel time spent in this place.
 C = Inter-level travel time spent in this place.
 D = Time resting spent in this place.
 E = Time spent auto-exploring this place.
 F = Levels seen in this place.
 G = Mean time per level.
                   A        B        C        D        E       F      G
               +--------+--------+--------+--------+--------+-----+--------+
         Total |  16256 |  14882 |   1374 |    339 |   9924 |  20 |  812.8 |
       Dungeon |  11667 |  10925 |    742 |    281 |   7197 |  14 |  833.4 |
        Temple |      1 |      1 |      0 |      0 |      0 |   1 |    1.0 |
          Lair |   4587 |   3956 |    631 |     58 |   2727 |   5 |  917.4 |
               +--------+--------+--------+--------+--------+-----+--------+

Top non-repeatable levels by time:
     D:8: 1554 daAuts
  Lair:1: 1171 daAuts
     D:1: 1041 daAuts
     D:9: 1001 daAuts
  Lair:5: 979 daAuts
    D:10: 969 daAuts
     D:4: 957 daAuts
  Lair:4: 914 daAuts
  Lair:3: 824 daAuts
     D:5: 762 daAuts
     D:6: 752 daAuts
    D:13: 746 daAuts
     D:3: 713 daAuts
  Lair:2: 697 daAuts
    D:14: 674 daAuts
